Map: Acropolis LE

Players

DarwinAwdWnr - Winner!

  • Race: Zerg Zerg
  • League: Silver
  • Spawn Location: 11:00

Bazinga

  • Race: Protoss Protoss
  • League: Platinum
  • Spawn Location: 5:00

VOD

Have the link to the VOD?

Description

Time

  • Played on: June 2, 2019, 10:07 p.m.
  • Length: 7:06
Show
View Real Time Build Order
Export as new Build Order

DarwinAwdWnr Zerg - Winner!

Build Orders: Hatch First 

Get SALT Encoding   

  12  0:01  Drone  
  13  0:09  Drone  
  14  0:17  Overlord  
  14  0:36  Drone x2  
  16  0:50  Hatchery  
  16  0:54  Drone  
  16  0:59  Drone  
  16  1:00  Drone  
  18  1:07  Extractor  
  17  1:19  Spawning Pool  
  16  1:38  Drone x3  
  19  1:48  Drone  
  22  2:09  Queen  
  22  2:18  Lair  
  22  2:21  Drone  
  22  2:22  Drone x4, Extractor  
  26  2:26  Zergling x2  
  27  2:33  Overlord  
  27  2:50  Queen  
  29  2:56  Overlord x2  
  29  3:01  Drone x3  
  31  3:09  Zergling x4  
  33  3:17  Zergling x2  
  34  3:24  Zergling x2  
  34  3:25  Zergling x4  
  33  3:35  Zergling x2  
  33  3:36  Zergling x2  
  34  3:44  Zergling x2  
  34  3:48  Zergling x2  
  34  3:49  Zergling x2  
  34  3:54  Spine Crawler  
  31  4:04  Zergling x2  
  31  4:05  Zergling x2  
  33  4:13  Spine Crawler  
  33  4:15  Queen  
  34  4:20  Zergling x12  
  34  4:22  Nydus Network  
  39  4:27  Metabolic Boost  
  39  4:31  Zergling x2  
  39  4:32  Zergling x2  
  41  4:43  Zergling x2  
  41  4:44  Zergling x6  
  41  4:45  Queen  
  49  4:52  Zergling x2  
  49  4:53  Zergling x2  
  50  5:02  Nydus Canal  
  50  5:03  Zergling x2  
  51  5:09  Overlord  
  51  5:10  Overlord  
  51  5:34  Zergling x12  
  51  5:35  Zergling x4  
  47  5:56  Zergling x2  
  50  5:57  Zergling x6  
  47  6:06  Zergling x2  
  46  6:15  Zergling x6  
  46  6:16  Zergling x8  
  51  6:25  Zergling x4  
  47  6:49  Zergling x2  
Show
View Real Time Build Order
Export as new Build Order

Bazinga Protoss 

Build Orders:  

Get SALT Encoding   

  12  0:01  Probe  
  13  0:13  Probe  
  14  0:25  Probe, Pylon  
  15  0:40  Probe  
  15  0:43  Gateway  
  15  0:48  Probe  
  16  0:50  Assimilator  
  17  0:57  Probe  
  17  0:59  Assimilator  
  18  1:11  Gateway  
  18  1:16  Probe  
  18  1:30  Probe, Cybernetics Core  
  19  1:38  Probe  
  19  1:41  Pylon  
  19  1:46  Probe  
  21  1:58  Probe  
  22  2:08  Stalker x2  
  22  2:10  Warp Gate  
  26  2:20  Probe  
  26  2:21  Pylon  
  27  2:38  Stalker x2  
  31  2:59  Nexus  
  31  3:45  Stalker x2  
  35  3:57  Probe  
  36  4:09  Probe  
  37  4:14  Pylon  
  37  4:19  Probe  
  37  4:21  Probe  
  39  4:27  Probe  
  39  4:29  Probe  
  40  4:36  Probe, Twilight Council  
  40  4:37  Probe, Gateway  
  41  4:44  Gateway  
  43  4:46  Robotics Facility  
  43  4:48  Probe x2  
  45  4:56  Sentry  
  45  4:57  Sentry  
  49  5:00  Probe x2  
  49  5:05  Assimilator  
  51  5:07  Assimilator  
  51  5:12  Probe  
  52  5:25  Probe  
  52  5:36  Immortal  
  52  5:37  Probe  
  52  5:39  Stalker x2  
  48  5:49  Zealot x2, Probe  
  42  6:03  Zealot x2  
  35  6:12  Zealot x2  
  35  6:24  Zealot x2  
  23  6:33  Zealot  
  24  6:45  Gateway  
  24  6:48  Zealot  
  24  6:49  Zealot  
Tags
 
Matchup
PvZ
Replay Pack
10.7.19
Spawn Locations
Cross Positions
Add a new tag
Caveats
  • Supply blocks, unpowered buildings, or Contaminate may cause inaccurate times.
  • Supply counts are checked every 10 seconds.